 Dungeon Crawl Stone Soup version 0.29-a0-998-g1987434951 (webtiles) character file.

Game seed: 8838475242733216105

2 xian the Cutter (level 1, 0/16 HPs)
             Began as a Draconian Wanderer on Aug 5, 2022.
             Frozen to death by an endoplasm (4 damage)
             ... on level 1 of the Dungeon.
             The game lasted 00:00:08 (24 turns).

xian the Cutter (Draconian Wanderer)                  Turns: 24, Time: 00:00:08

Health: 0/16       AC:  5    Str: 13    XL:     1   Next: 25%
Magic:  1/1        EV: 11    Int:  9    God:
Gold:   0          SH:  0    Dex: 14    Spells: 0/0 levels left

rFire   . . .      SeeInvis .   a - +2 short sword
rCold   . . .      Faith    .   (no shield)
rNeg    . . .      Spirit   .   (body armour unavailable)
rPois   .          Reflect  .   (helmet restricted)
rElec   .          Harm     .   (no cloak)
rCorr   .          Rampage  .   c - +0 pair of gloves
Will    .....                   (no boots)
Stlth   ++........              (no amulet)
HPRegen 0.05/turn               (no ring)
MPRegen 0.07/turn               (no ring)

@: slowed, very slow
A: AC +4, unfitting armour, cold-blooded
a: no special abilities


You were on level 1 of the Dungeon.
You visited 1 branch of the dungeon, and saw 1 of its levels.

Inventory:

Hand Weapons
 a - a +2 short sword (weapon)
 b - a +0 hand axe
Armour
 c - a +0 pair of gloves (worn)
Scrolls
 d - a scroll of teleportation


   Skills:
 + Level 1.1 Fighting
 + Level 5.1 Short Blades
 + Level 3.0 Axes
 + Level 1.0 Stealth


You couldn't memorise any spells.
You didn't know any spells.
Your spell library was empty.

Dungeon Overview and Level Annotations

Branches:
Dungeon (1/15)

Altars:


Innate Abilities, Weirdness & Mutations

Your plain brown scales are hard. (AC +4)
You cannot fit into any form of body armour.
You are cold-blooded and may be slowed by cold attacks.


Message History

You begin with the following items: a +2 short sword, a +0 hand axe, a +0 pair of gloves, a scroll of teleportation.
You open the door.
There is an open door here.
A hobgoblin comes into view.
A giant cockroach comes into view.
Found a scroll labelled LORAOFOYSI.
The hobgoblin shouts!
A giant cockroach comes into view.
A dart slug comes into view.
You hit the hobgoblin.
Your tail-slap misses the hobgoblin.
The hobgoblin is moderately wounded.
The dart slug launches a dart at you. The slug dart hits you.
You hit the hobgoblin.
You kill the hobgoblin!
An endoplasm comes into view.
The giant cockroach bites you but does no damage.
A goblin comes into view. It is wielding a +0 club.
You closely miss the giant cockroach. The giant cockroach closely misses you.
The endoplasm freezes you.
You are frozen.
The dart slug launches a dart at you.
The slug dart hits you but does no damage.
The giant cockroach barely misses you.
Unknown command.
The endoplasm attacks as you move away!
The endoplasm hits you but does no damage.
The giant cockroach attacks as you move away!
The giant cockroach barely misses you. The goblin hits you with a +0 club.
You hit the goblin.
You kill the goblin!
The endoplasm freezes you.
You are frozen.
You feel yourself slow down. The endoplasm freezes you.
You are frozen.
* * * LOW HITPOINT WARNING * * *
You see here a +0 club.
The endoplasm attacks as you move away! The endoplasm misses you.
The endoplasm freezes you.
You are frozen.
You die...

.. . .# ####### ##. #.
#.....# #.. ..
#.....####.# .###
+..<..'.##.# ...
#.....#.##.# ##.# .
#(....#.##.####..##....
#######...@JBw.........
####.##B######...
#.##.# #.##.# #.##B#
#.##.# #.##.# #.##?.


You could see a dart slug, an endoplasm and 2 giant cockroaches.

Vanquished Creatures
  A hobgoblin (D:1)
  A goblin (D:1)
2 creatures vanquished.

Notes
Turn   | Place    | Note
-------+----------+-------------------------------------------
     0 | D:1      | xian the Draconian Wanderer began the quest for the Orb.
     0 | D:1      | xian set off with the following items: a +2 short sword, a
                  | +0 hand axe, a +0 pair of gloves, a scroll of
                  | teleportation.
     0 | D:1      | Reached XP level 1. HP: 16/16 MP: 1/1
    24 | D:1      | Frozen to death by an endoplasm

Illustrated notes

Levels and vault maps discovered:
D:1:      minmay_arrival_checkered_box, layout_rooms, minmay_misc_feat_tower

Action                   || total
-------------------------++-------
Melee: Short sword       ||     4
Armor: Skin              ||     3
Dodge: Dodged            ||     4

Table legend: (Time is in decaauts)
 A = Elapsed time spent in this place.
 B = Non-inter-level travel time spent in this place.
 C = Inter-level travel time spent in this place.
 D = Time resting spent in this place.
 E = Time spent auto-exploring this place.
 F = Levels seen in this place.
 G = Mean time per level.
                   A        B        C        D        E       F      G
               +--------+--------+--------+--------+--------+-----+--------+
         Total |     24 |     24 |      0 |      0 |     11 |   1 |   24.0 |
       Dungeon |     24 |     24 |      0 |      0 |     11 |   1 |   24.0 |
               +--------+--------+--------+--------+--------+-----+--------+

Top non-repeatable levels by time:
     D:1: 24 daAuts
